 Dungeon Sprint DCSS version 0.30.1-11-g7821555f0a (webtiles) character file.

Game seed: 8107596351523243517

900000 Groucho the Unseen (level 11, -1/49 HPs)
             Began as a Spriggan Warper on Nov 8, 2023.
             Was an Initiate of Makhleb.
             Slain by a meat berserker
             ... wielding a +9 battleaxe
              (50 damage)
             ... in the Dungeon (Sprint VIII: "Arena of Blood").
             The game lasted 00:00:26 (9 turns).

Groucho the Unseen (Spriggan Warper)                   Turns: 9, Time: 00:00:26

Health: -1/49      AC:  2    Str:  7    XL:     11   Next: 78%
Magic:  5/30       EV: 27    Int: 19    God:    Makhleb [......]
Gold:   0          SH:  0    Dex: 15    Spells: 39/39 levels left

rFire   . . .        j - +∞ Axe of Woe
rCold   . . .        (shield currently unavailable)
rNeg    . . .        b - +0 robe
rPois   .            (helmet restricted)
rElec   .            (no cloak)
rCorr   .            (gloves unavailable)
SInv    +            (boots unavailable)
Will    +....        (no amulet)
Stlth   +++++++      (no ring)
HPRegen 0.28/turn    (no ring)
MPRegen 0.22/turn

%: no teleportation
@: very quick
A: very small, no large weapons, unfitting armour, see invisible, speed 3
a: Renounce Religion


You were in the Dungeon.
You worshipped Makhleb.
Makhleb was noncommittal.
You visited 1 branch

Inventory:

Hand Weapons
 a - a +0 hand axe
 j - the +∞ Axe of Woe (weapon)
   (You found it in the Dungeon)
Missiles
 d - 7 boomerangs of dispersal (quivered)
Armour
 b - a +0 robe (worn)
Scrolls
 c - 2 scrolls of blinking
Potions
 e - a potion of curing
 f - a potion of heal wounds
 g - a potion of haste
 h - 2 potions of magic
 i - a potion of berserk rage


   Skills:
 - Level 1.5 Fighting
 * Level 14.9 Axes
 - Level 1.0 Throwing
 + Level 16.2 Dodging
 + Level 18.6 Stealth
 + Level 14.8 Spellcasting
 + Level 17.8 Translocations


You had 39 spell levels left.
You didn't know any spells.
Your spell library contained the following spells:

 Spells                   Type           Power      Damage    Failure   Level
 Blink                    Tloc           100%       N/A       0%          2
 Lesser Beckoning         Tloc           100%       N/A       0%          2
 Teleport Other           Tloc           69%        N/A       0%          3
 Vhi's Electric Charge    Tloc/Air       96%        N/A       1%          3
 Manifold Assault         Tloc           69%        N/A       1%          4


Dungeon Overview and Level Annotations

Branches:
Dungeon (1/1)

Altars:
Makhleb


Innate Abilities, Weirdness & Mutations

You are very small and have problems with some larger weapons.
You are too small for most types of armour.
You have supernaturally acute eyesight. (SInv)
You cover ground extremely quickly. (Speed+++)


Message History

You hear a shout! x4
Your Axes skill gained 13 levels and is now at level 14!
Your Dodging skill gained 13 levels and is now at level 16!
Your Stealth skill gained 18 levels and is now at level 18!
Your Spellcasting skill gained 12 levels and is now at level 14!
Your Translocations skill gained 13 levels and is now at level 17!
You have reached level 2!
You have reached level 3!
Your experience leads to an increase in your attributes!
Increase (S)trength, (I)ntelligence, or (D)exterity?
You feel clever. x2
You have reached level 4!
You have reached level 5!
You feel agile.
You have reached level 6!
You have reached level 7!
You have reached level 8!
You have reached level 9!
Your experience leads to an increase in your attributes!
Increase (S)trength, (I)ntelligence, or (D)exterity?
You feel clever. x2
You have reached level 10!
You feel clever.
You have reached level 11!
Unknown command.
Press < or > to pray at altars.
Unknown command.
Press < or > to pray at altars.
Memorise Manifold Assault, consuming 4 spell levels and leaving 35?
You hear a shout! x5
You start memorising the spell.
You continue memorising.
You hear a shout! x5
You continue memorising.
You hear a shout! x6
You continue memorising.
You hear a shout!
The meat berserker hits you with a +9 battleaxe!!!
Your memorisation is interrupted.
Ouch! That really hurt!
You die...

..... .. #...
.# . #... ..#
..###... ..###.
......###......
....._......
#.....# #@O<._#
#.....#
....._......
......###......
.o###... ..###.
. #... ..# #...
.# ..... ..


You could see a meat berserker (berserk).

Vanquished Creatures
  An ogre (D)
1 creature vanquished.

Notes
Turn   | Place    | Note
-------+----------+-------------------------------------------
     0 | D        | Found the +∞ Axe of Woe
     0 | D        | Groucho the Spriggan Warper began the quest for the Orb.
     0 | D        | Reached XP level 1. HP: 10/10 MP: 5/5
     0 | D        | Noticed a meat berserker
     2 | D        | Noticed a bag of meat
     4 | D        | Became a worshipper of Makhleb the Destroyer
     5 | D        | Killed a meat berserker
     5 | D        | Noticed a meat berserker
     5 | D        | Noticed a bag of meat
     6 | D        | Reached skill level 18 in Stealth
     6 | D        | Reached XP level 2. HP: 14/14 MP: 5/18
     6 | D        | Reached XP level 3. HP: 18/18 MP: 5/20
     6 | D        | Reached XP level 4. HP: 22/22 MP: 5/21
     6 | D        | Reached XP level 5. HP: 25/25 MP: 5/23
     6 | D        | Reached XP level 6. HP: 30/30 MP: 5/24
     6 | D        | Reached XP level 7. HP: 33/33 MP: 5/26
     6 | D        | Reached XP level 8. HP: 37/37 MP: 5/27
     6 | D        | Reached XP level 9. HP: 41/41 MP: 5/28
     6 | D        | Reached XP level 10. HP: 46/46 MP: 5/29
     6 | D        | Reached XP level 11. HP: 49/49 MP: 5/30
     9 | D        | Slain by a meat berserker

Illustrated notes

Levels and vault maps discovered:
D:        meatsprint

Skill      XL: |  1 |
---------------+----+-----
Axes           | 14 | 14.9
Dodging        | 16 | 16.2
Stealth        | 18 | 18.6
Spellcasting   | 14 | 14.8
Translocations | 17 | 17.8
Fighting       | |  1.5
Throwing       | |  1.0

Action                     |  1- 3 |  4- 6 |  7- 9 | 10-12 || total
---------------------------+-------+-------+-------+-------++-------
  Melee: Broad axe         |     1 |       |       |       ||     1
